Comets vs Barracuda

Created - Saturday, January 09, 2016 at 00:19

Goals
1 2 3 T
Comets 1 1 1 3
Barracuda 0 1 0 1
Shots
1 2 3 T
Comets 4 12 9 25
Barracuda 8 7 4 19

1st period

1. Comets , Sven Baertschi 7 (Jared Boll, Mark Pysyk) at 1:23 (PP)

Penalties :
Alexandre Bolduc (SJO) for Hooking (Minor) at 0:57, Dominik Uher (SJO) for Interference (Minor) at 1:56, John Scott (UTI) for Slashing (Minor) at 15:46, John Scott (UTI) for Slashing (Minor) at 18:09

2nd period

2. Comets , Ben Hanowski 3 (Jeremy Welsh, Tyler Kennedy) at 7:37 (PP)
3. Barracuda , Ryan Hamilton 17 (Alexandre Bolduc) at 17:52

Penalties :
Marek Hrivik (SJO) for Fighting (Major) at 1:05, Jared Boll (UTI) for Fighting (Major) at 1:05, Dominik Uher (SJO) for Fighting (Major) at 2:19, Jeremy Welsh (UTI) for Fighting (Major) at 2:19, Taylor Chorney (SJO) for Fighting (Major) at 4:21, Nicklas Jensen (UTI) for Fighting (Major) at 4:21, Alexandre Bolduc (SJO) for Hooking (Minor) at 5:50, Dylan McIlrath (UTI) for Roughing (Minor) at 9:50, Marek Hrivik (SJO) for Fighting (Major) at 15:04, Dylan McIlrath (UTI) for Fighting (Major) at 15:04, John Scott (UTI) for Cross-checking (Minor) at 15:52

3rd period

4. Comets , Tyler Kennedy 13 (Andrew Ference, Jeremy Welsh) at 11:53 (PP)

Penalties :
Dominik Uher (SJO) for Fighting (Major) at 2:33, Dylan McIlrath (UTI) for Fighting (Major) at 2:33, Mark Pysyk (UTI) for Holding Stick (Minor) at 2:48, Joey Mormina (SJO) for Fighting (Major) at 11:29, Jared Boll (UTI) for Fighting (Major) at 11:29, Joey Mormina (SJO) for instigated a fight (Minor) at 11:29, Joey Mormina (SJO) for instigated a fight (10 Minutes Misconduct) at 11:29, Jayson Megna (SJO) for Roughing (Minor) at 11:36

Goalie Stats

Mike Condon (UTI), 18 saves from 19 shots - (0.947), W, 24-12-5, 60:00 minutes
Joey MacDonald (SJO), 22 saves from 25 shots - (0.880), L, 14-10-9, 60:00 minutes

Players Stats for Comets

Player Name              G  A  P  +/- PIM S  H  SB GA TA FO     MP     PP MP  PK MP  
------------------------------------------------------------------------------------
Andrew Ference           0  1  1  -1  0   2  1  1  3  1  0/0    24:32   3:42   5:19 
Ben Hanowski             1  0  1   0  0   1  0  0  1  1  0/0    10:24   0:55   1:01 
Brendan Gaunce           0  0  0   0  0   1  1  0  0  0  6/7    13:18   0:00   0:32 
Derek Meech              0  0  0   0  0   0  0  0  0  2  0/0    26:09   2:36   4:36 
Dylan McIlrath           0  0  0   0  12  1  0  0  0  1  0/0    10:32   0:00   0:00 
Jared Boll               0  1  1   0  10  4  4  1  5  0  0/0    16:10   1:36   2:39 
Jeremy Welsh             0  2  2  -1  5   3  0  0  4  0  10/17  22:05   2:49   5:42 
John Scott               0  0  0  -1  6   1  5  1  0  2  1/2    25:20   4:01   2:49 
Keith Ballard            0  0  0   0  0   0  0  0  0  0  0/0     1:22   0:00   0:00 
Kent Huskins             0  0  0   0  0   0  0  0  0  0  0/0     0:00   0:00   0:00 
Landon Ferraro           0  0  0   0  0   1  2  0  1  0  7/13   17:07   3:10   0:58 
Mark Pysyk               0  1  1   0  2   2  0  0  2  1  0/0    25:46   2:36   4:14 
Mat Clark                0  0  0  -1  0   1  3  1  0  2  0/0    18:29   0:00   2:52 
Mike Sislo               0  0  0   0  0   0  1  0  0  0  3/6    24:25   3:47   4:53 
Nicklas Jensen           0  0  0  -1  5   1  1  0  1  0  0/0    14:20   0:00   1:26 
Scott Glennie            0  0  0   0  0   1  0  0  0  0  0/1     4:52   0:00   0:00 
Sven Baertschi           1  0  1   0  0   3  2  0  3  0  0/1    17:53   2:44   2:39 
Tyler Kennedy            1  1  2   0  0   3  0  0  4  0  1/2    17:05   3:34   0:00 

Players Stats for Barracuda

Player Name              G  A  P  +/- PIM S  H  SB GA TA FO     MP     PP MP  PK MP  
------------------------------------------------------------------------------------
Alexandre Bolduc         0  1  1   1  4   4  2  0  7  4  0/1    22:57   4:33   2:31 
Andy Andreoff            0  0  0   0  0   1  1  0  2  0  0/0    17:17   4:18   0:00 
Bobby Farnham            0  0  0   0  0   1  3  0  0  0  3/10   12:57   0:00   0:00 
Danny Syvret             0  0  0   0  0   1  1  0  0  0  0/0    29:43   4:58   4:36 
Dominik Uher             0  0  0   0  12  1  0  1  0  0  0/0    11:36   0:00   0:06 
Eric Selleck             0  0  0   0  0   0  0  0  0  0  0/0     3:52   0:52   0:08 
Jayson Megna             0  0  0   0  2   1  4  0  1  2  1/3    23:06   4:30   2:54 
Joey Mormina             0  0  0   0  17  2  1  0  2  1  0/0    12:32   0:29   0:00 
Louis Leblanc            0  0  0   1  0   1  1  0  0  0  0/0    18:45   2:09   1:16 
Marek Hrivik             0  0  0   0  10  0  3  0  3  0  0/0    15:15   3:28   0:13 
Mark Fistric             0  0  0   0  0   0  2  0  0  1  0/0    18:22   5:27   2:07 
Maxime Fortunus          0  0  0   1  0   0  2  1  0  3  0/0    27:33   4:28   4:11 
Mike Halmo               0  0  0   0  0   0  0  0  0  0  0/0     0:00   0:00   0:00 
Patrick McNeill          0  0  0   0  0   0  1  1  0  1  0/0    12:43   0:00   0:00 
Ryan Hamilton            1  0  1   1  0   3  1  1  2  1  5/13   20:06   4:33   0:00 
Rylan Schwartz           0  0  0   0  0   0  0  0  1  0  0/0     3:02   0:52   0:35 
Taylor Chorney           0  0  0   1  5   0  2  1  0  0  0/0    19:03   4:28   1:42 
Vincent Lecavalier       0  0  0   0  0   4  0  0  2  0  12/22  24:40   4:30   4:54 

3 Stars

1 - Tyler Kennedy (UTI)
2 - Ryan Hamilton (SJO)
3 - Mike Condon (UTI)

Power Play

Comets - 3 on 5 Attempt(s) - 60.00%
Barracuda - 0 on 5 Attempt(s) - 0.00%

Penalty Kill

Comets - 5 on 5 Attempt(s) - 100.00% - Score 0 goal in Penalty Kill
Barracuda - 2 on 5 Attempt(s) - 40.00% - Score 0 goal in Penalty Kill

Team Stat

Comets - Hits : 20 - Faceoff Wins : 28 - Blocked Shots : 4 - Penalty Minutes : 40
Barracuda - Hits : 24 - Faceoff Wins : 21 - Blocked Shots : 5 - Penalty Minutes : 50

Official

Referees : Unknown
Linesman : Unknown

Game Notes

Jared Boll beats up Marek Hrivik at 1:05 of 2nd period
Dominik Uher beats up Jeremy Welsh at 2:19 of 2nd period
Taylor Chorney and Nicklas Jensen fight to a draw at 4:21 of 2nd period
Dylan McIlrath beats up Marek Hrivik at 15:04 of 2nd period
Dominik Uher beats up Dylan McIlrath at 2:33 of 3rd period
Dylan McIlrath is injured at 10:20 of 3rd period (Bruised Left Leg)
Joey Mormina and Jared Boll fight to a draw at 11:29 of 3rd period

Finance

Level 1 -- Attendance: 1351 (67.55%) -- Ticket Income $47,285
Level 2 -- Attendance: 683 (68.30%) -- Ticket Income $10,245
Total Attendance: 2034 (67.80%)
Total Ticket Income: $57,530
Other Income: $28,190
Total Income: $85,720

Comets

5 vs 5 Forward 
   Center                   Left Wing                Right Wing               Time % Phy DF OF 
 1 Jeremy Welsh             Tyler Kennedy            Mike Sislo               35     1   2  2  
 2 Landon Ferraro           Sven Baertschi           Jared Boll               30     1   2  2  
 3 Brendan Gaunce           John Scott               Nicklas Jensen           22     1   2  2  
 4 Mike Sislo               Jared Boll               Scott Glennie            13     1   2  2  

5 vs 5 Defense 
   Defense                  Defense                                           Time % Phy DF OF 
 1 Andrew Ference           John Scott                                        35     1   2  2  
 2 Mark Pysyk               Derek Meech                                       30     1   2  2  
 3 Dylan McIlrath           Mat Clark                                         22     1   2  2  
 4 Andrew Ference           John Scott                                        13     1   2  2  

PowerPlay Forward 
   Center                   Left Wing                Right Wing               Time % Phy DF OF 
 1 Jeremy Welsh             Tyler Kennedy            Mike Sislo               60     1   2  2  
 2 Landon Ferraro           Sven Baertschi           Jared Boll               40     1   2  2  

PowerPlay Defense
   Defense                  Defense                                           Time % Phy DF OF 
 1 Andrew Ference           John Scott                                        60     1   2  2  
 2 Mark Pysyk               Derek Meech                                       40     1   2  2  

Penalty Kill 4 Players Forward 
   Center                   Wing                     Time % Phy DF OF 
 1 Jeremy Welsh             Mike Sislo               60     1   2  2  
 2 Jared Boll               Sven Baertschi           40     1   2  2  

Penalty Kill 4 Players Defense
   Defense                  Defense                  Time % Phy DF OF 
 1 Andrew Ference           John Scott               60     1   2  2  
 2 Mark Pysyk               Derek Meech              40     1   2  2  

Penalty Kill - 3 Players Forward 
   Forward                                           Time % Phy DF OF 
 1 Jared Boll                                        60     1   2  2  
 2 Mike Sislo                                        40     1   2  2  

Penalty Kill - 3 Players Defense
   Defense                  Defense                  Time % Phy DF OF 
 1 Andrew Ference           John Scott               60     1   2  2  
 2 Mark Pysyk               Derek Meech              40     1   2  2  

4 vs 4 Forward 
   Center                   Wing                     Time % Phy DF OF 
 1 Jeremy Welsh             Mike Sislo               60     1   2  2  
 2 Jared Boll               Sven Baertschi           40     1   2  2  

4 vs 4 Defense
   Defense                  Defense                  Time % Phy DF OF 
 1 Andrew Ference           John Scott               60     1   2  2  
 2 Mark Pysyk               Derek Meech              40     1   2  2  

Last Minutes Offensive
   Center                   Left Wing                Right Wing               Defense                  Defense                  
   Jeremy Welsh             Tyler Kennedy            Mike Sislo               Andrew Ference           John Scott               

Last Minutes Defensive
   Center                   Left Wing                Right Wing               Defense                  Defense                  
   Jeremy Welsh             Tyler Kennedy            Mike Sislo               Andrew Ference           John Scott               

Goaltenders
Starting : Mike Condon              
Backup : Scott Wedgewood          

Extra Forwards
Normal : John Scott, Mike Sislo, Nicklas Jensen - PP : John Scott, Mike Sislo - PK : Nicklas Jensen
Extra Defensemen
Normal : Dylan McIlrath, Mat Clark, Mark Pysyk - PP : Dylan McIlrath - PK : Mat Clark, Mark Pysyk
Penalty Shots
John Scott, Nicklas Jensen, Mike Sislo, Jared Boll, Sven Baertschi

Barracuda

5 vs 5 Forward 
   Center                   Left Wing                Right Wing               Time % Phy DF OF 
 1 Vincent Lecavalier       Jayson Megna             Andy Andreoff            35     1   2  2  
 2 Ryan Hamilton            Alexandre Bolduc         Marek Hrivik             30     1   2  2  
 3 Bobby Farnham            Louis Leblanc            Dominik Uher             22     1   2  2  
 4 Jayson Megna             Alexandre Bolduc         Vincent Lecavalier       13     1   2  2  

5 vs 5 Defense 
   Defense                  Defense                                           Time % Phy DF OF 
 1 Joey Mormina             Danny Syvret                                      35     1   2  2  
 2 Taylor Chorney           Maxime Fortunus                                   30     1   2  2  
 3 Danny Syvret             Mark Fistric                                      22     1   2  2  
 4 Patrick McNeill          Maxime Fortunus                                   13     1   2  2  

PowerPlay Forward 
   Center                   Left Wing                Right Wing               Time % Phy DF OF 
 1 Vincent Lecavalier       Jayson Megna             Andy Andreoff            60     1   2  2  
 2 Ryan Hamilton            Alexandre Bolduc         Marek Hrivik             40     1   2  2  

PowerPlay Defense
   Defense                  Defense                                           Time % Phy DF OF 
 1 Mark Fistric             Danny Syvret                                      60     1   2  2  
 2 Taylor Chorney           Maxime Fortunus                                   40     1   2  2  

Penalty Kill 4 Players Forward 
   Center                   Wing                     Time % Phy DF OF 
 1 Vincent Lecavalier       Jayson Megna             60     1   2  2  
 2 Alexandre Bolduc         Louis Leblanc            40     1   2  2  

Penalty Kill 4 Players Defense
   Defense                  Defense                  Time % Phy DF OF 
 1 Maxime Fortunus          Danny Syvret             60     1   2  2  
 2 Mark Fistric             Taylor Chorney           40     1   2  2  

Penalty Kill - 3 Players Forward 
   Forward                                           Time % Phy DF OF 
 1 Vincent Lecavalier                                60     1   2  2  
 2 Dominik Uher                                      40     1   2  2  

Penalty Kill - 3 Players Defense
   Defense                  Defense                  Time % Phy DF OF 
 1 Taylor Chorney           Maxime Fortunus          60     1   2  2  
 2 Patrick McNeill          Danny Syvret             40     1   2  2  

4 vs 4 Forward 
   Center                   Wing                     Time % Phy DF OF 
 1 Vincent Lecavalier       Alexandre Bolduc         60     1   2  2  
 2 Jayson Megna             Bobby Farnham            40     1   2  2  

4 vs 4 Defense
   Defense                  Defense                  Time % Phy DF OF 
 1 Danny Syvret             Maxime Fortunus          60     1   2  2  
 2 Taylor Chorney           Mark Fistric             40     1   2  2  

Last Minutes Offensive
   Center                   Left Wing                Right Wing               Defense                  Defense                  
   Vincent Lecavalier       Jayson Megna             Andy Andreoff            Maxime Fortunus          Danny Syvret             

Last Minutes Defensive
   Center                   Left Wing                Right Wing               Defense                  Defense                  
   Vincent Lecavalier       Jayson Megna             Andy Andreoff            Maxime Fortunus          Danny Syvret             

Goaltenders
Starting : Joey MacDonald           
Backup : David Leggio             

Extra Forwards
Normal : Alexandre Bolduc, Vincent Lecavalier, Jayson Megna - PP : Vincent Lecavalier, Alexandre Bolduc - PK : Vincent Lecavalier
Extra Defensemen
Normal : Danny Syvret, Patrick McNeill, Maxime Fortunus - PP : Danny Syvret - PK : Taylor Chorney, Danny Syvret
Penalty Shots
Andy Andreoff, Vincent Lecavalier, Jayson Megna, Ryan Hamilton, Alexandre Bolduc

% Time on Ice - Comets

Lines # - Real PCT - Wanted PCT - Time Play
Normal Forward
1 - 32% - 35% - 14:01
2 - 29% - 30% - 12:31
3 - 28% - 22% - 12:23
4 - 11% - 13% - 4:52
Normal Defense
1 - 23% - 35% - 10:11
2 - 40% - 30% - 17:32
3 - 36% - 22% - 15:33
4 - 1% - 13% - 0:31
PP Forward
1 - 57% - 60% - 3:34
2 - 43% - 40% - 2:44
PP Defense
1 - 59% - 60% - 3:42
2 - 41% - 40% - 2:36
PK Forward
1 - 73% - 60% - 7:16
2 - 27% - 40% - 2:39
PK Defense
1 - 54% - 60% - 5:19
2 - 46% - 40% - 4:36
PK3 Forward
1 - 0% - 60%
2 - 0% - 40%
PK3 Defense
1 - 0% - 60%
2 - 0% - 40%
44 Forward
1 - 0% - 60%
2 - 0% - 40%
44 Defense
1 - 0% - 60%
2 - 0% - 40%
Last Minute Offensive  - 0:00
Last Minute Defensive  - 0:00
Total
Forward - 60:00
Defense - 60:00

% Time on Ice - Barracuda

Lines # - Real PCT - Wanted PCT - Time Play
Normal Forward
1 - 31% - 35% - 13:34
2 - 36% - 30% - 15:51
3 - 31% - 22% - 13:31
4 - 2% - 13% - 0:51
Normal Defense
1 - 39% - 35% - 17:08
2 - 33% - 30% - 14:31
3 - 15% - 22% - 6:29
4 - 13% - 13% - 5:39
PP Forward
1 - 54% - 60% - 5:22
2 - 46% - 40% - 4:33
PP Defense
1 - 55% - 60% - 5:27
2 - 45% - 40% - 4:28
PK Forward
1 - 79% - 60% - 4:45
2 - 21% - 40% - 1:16
PK Defense
1 - 65% - 60% - 3:54
2 - 35% - 40% - 2:07
PK3 Forward
1 - 100% - 60% - 0:17
2 - 0% - 40% - 0:00
PK3 Defense
1 - 100% - 60% - 0:17
2 - 0% - 40% - 0:00
44 Forward
1 - 0% - 60%
2 - 0% - 40%
44 Defense
1 - 0% - 60%
2 - 0% - 40%
Last Minute Offensive  - 0:00
Last Minute Defensive  - 0:00
Total
Forward - 60:00
Defense - 60:00

Play by Play

1st period


0:01 of 1st period - Vincent Lecavalier wins face-off versus Jeremy Welsh in neutral zone.
0:23 of 1st period - Snap shot by Vincent Lecavalier.
0:23 of 1st period - Deflect By Andy Andreoff.
0:23 of 1st period - Stopped by Mike Condon with a rebound.
0:25 of 1st period - Backhand shot by Jayson Megna.
0:25 of 1st period - Stopped by Mike Condon with a rebound.
0:27 of 1st period - Wrist shot by Jayson Megna.
0:27 of 1st period - Shot Misses the Net.
0:29 of 1st period - Slapshot by Joey Mormina.
0:29 of 1st period - Shot Blocked by John Scott.
0:57 of 1st period - Minor Penalty to Alexandre Bolduc for Hooking.
0:58 of 1st period - Vincent Lecavalier wins face-off versus Landon Ferraro in Barracuda zone.
1:09 of 1st period - Slapshot by Landon Ferraro.
1:09 of 1st period - Shot Blocked by Maxime Fortunus.
1:11 of 1st period - Snap shot by Sven Baertschi.
1:11 of 1st period - Shot Misses the Net.
1:13 of 1st period - Backhand shot by Jared Boll.
1:13 of 1st period - Shot Misses the Net.
1:17 of 1st period - Snap shot by Sven Baertschi.
1:17 of 1st period - Shot Misses the Net.
1:19 of 1st period - Wrist shot by Mark Pysyk.
1:19 of 1st period - Shot Misses the Net.
1:21 of 1st period - Slapshot by Mark Pysyk.
1:21 of 1st period - Stopped by Joey MacDonald with a rebound.
1:23 of 1st period - Slapshot by Jared Boll.
1:23 of 1st period - Deflect By Sven Baertschi.
1:23 of 1st period - Goal by Sven Baertschi - Comets : 1 - Barracuda : 0.
1:24 of 1st period - Brendan Gaunce wins face-off versus Bobby Farnham in neutral zone.
1:56 of 1st period - Minor Penalty to Dominik Uher for Interference.
1:57 of 1st period - Mike Sislo wins face-off versus Alexandre Bolduc in Barracuda zone.
2:41 of 1st period - Alexandre Bolduc is hit by Sven Baertschi.
2:57 of 1st period - Slapshot by Jayson Megna.
2:57 of 1st period - Shot Misses the Net.
2:59 of 1st period - Slapshot by Maxime Fortunus.
2:59 of 1st period - Shot Misses the Net.
3:01 of 1st period - Slapshot by Maxime Fortunus.
3:01 of 1st period - Shot Misses the Net.
3:03 of 1st period - Snap shot by Jayson Megna.
3:03 of 1st period - Shot Blocked by Jared Boll.
3:56 of 1st period - Penalty to Dominik Uher is over, Dominik Uher is back on ice.
4:57 of 1st period - Sven Baertschi is hit by Bobby Farnham.
5:45 of 1st period - Jared Boll is hit by Patrick McNeill and loses puck.
6:10 of 1st period - Ben Hanowski is hit by Jayson Megna and loses puck.
6:39 of 1st period - Andrew Ference is hit by Alexandre Bolduc and loses puck.
8:03 of 1st period - Icing by Mat Clark.
8:04 of 1st period - Jeremy Welsh wins face-off versus Bobby Farnham in Comets zone.
8:15 of 1st period - Nicklas Jensen is hit by Taylor Chorney and loses puck.
8:34 of 1st period - Wrist shot by Alexandre Bolduc.
8:34 of 1st period - Stopped by Mike Condon with a rebound.
9:25 of 1st period - Snap shot by Bobby Farnham.
9:25 of 1st period - Shot Misses the Net.
10:00 of 1st period - Jayson Megna is hit by Jared Boll and loses puck.
10:11 of 1st period - Jayson Megna is hit by Jared Boll and loses puck.
10:33 of 1st period - Snap shot by Bobby Farnham.
10:33 of 1st period - Deflect By Eric Selleck.
10:33 of 1st period - Shot Blocked by Mat Clark.
10:33 of 1st period - Puck is out of play.
10:34 of 1st period - Bobby Farnham wins face-off versus Tyler Kennedy in Comets zone.
10:57 of 1st period - Snap shot by Scott Glennie.
10:57 of 1st period - Stopped by Joey MacDonald with a rebound.
10:59 of 1st period - Wrist shot by Jared Boll.
10:59 of 1st period - Deflect By Scott Glennie.
10:59 of 1st period - Shot Misses the Net.
10:59 of 1st period - Puck is out of play.
11:00 of 1st period - Ryan Hamilton wins face-off versus Mike Sislo in Barracuda zone.
11:37 of 1st period - Slapshot by Vincent Lecavalier.
11:37 of 1st period - Stopped by Mike Condon with a rebound.
12:44 of 1st period - Jayson Megna is hit by Nicklas Jensen and loses puck.
13:18 of 1st period - Snap shot by Dominik Uher.
13:18 of 1st period - Stopped by Mike Condon with a rebound.
13:51 of 1st period - Snap shot by Scott Glennie.
13:51 of 1st period - Shot Misses the Net.
14:49 of 1st period - Snap shot by Bobby Farnham.
14:49 of 1st period - Stopped by Mike Condon without a rebound.
14:50 of 1st period - Mike Sislo wins face-off versus Bobby Farnham in Comets zone.
14:50 of 1st period - Mike Sislo is hit by Bobby Farnham.
15:46 of 1st period - Minor Penalty to John Scott for Slashing.
15:47 of 1st period - Landon Ferraro wins face-off versus Ryan Hamilton in Comets zone.
15:54 of 1st period - Slapshot by Andrew Ference.
15:54 of 1st period - Stopped by Joey MacDonald with a rebound.
17:06 of 1st period - Louis Leblanc is hit by Landon Ferraro and loses puck.
17:46 of 1st period - Penalty to John Scott is over, John Scott is back on ice.
18:09 of 1st period - Minor Penalty to John Scott for Slashing.
18:10 of 1st period - Jayson Megna wins face-off versus Jeremy Welsh in Comets zone.
18:15 of 1st period - Slapshot by Vincent Lecavalier.
18:15 of 1st period - Stopped by Mike Condon with a rebound.
18:17 of 1st period - Backhand shot by Vincent Lecavalier.
18:17 of 1st period - Stopped by Mike Condon without a rebound.
18:18 of 1st period - Vincent Lecavalier wins face-off versus Jeremy Welsh in Comets zone.
19:52 of 1st period - Andrew Ference is hit by Taylor Chorney and loses puck.
Goals for this period are 1 for Comets vs 0 for Barracuda.
Shots for this period are 4 for Comets vs 8 for Barracuda.

2nd period


0:01 of 2nd period - Jeremy Welsh wins face-off versus Vincent Lecavalier in neutral zone.
0:09 of 2nd period - Penalty to John Scott is over, John Scott is back on ice.
0:59 of 2nd period - Jared Boll is hit by Mark Fistric and loses puck.
1:05 of 2nd period - Jared Boll beats up Marek Hrivik.
1:05 of 2nd period - Penalty to Marek Hrivik for Fighting.
1:05 of 2nd period - Penalty to Jared Boll for Fighting.
1:06 of 2nd period - Ryan Hamilton wins face-off versus John Scott in Comets zone.
1:59 of 2nd period - Maxime Fortunus is hit by Mike Sislo and loses puck.
2:08 of 2nd period - Mike Sislo is hit by Maxime Fortunus and loses puck.
2:19 of 2nd period - Dominik Uher beats up Jeremy Welsh.
2:19 of 2nd period - Penalty to Dominik Uher for Fighting.
2:19 of 2nd period - Penalty to Jeremy Welsh for Fighting.
2:20 of 2nd period - Vincent Lecavalier wins face-off versus Mike Sislo in Comets zone.
2:23 of 2nd period - Snap shot by Vincent Lecavalier.
2:23 of 2nd period - Stopped by Mike Condon with a rebound.
2:46 of 2nd period - Snap shot by Mike Sislo.
2:46 of 2nd period - Shot Misses the Net.
3:12 of 2nd period - Louis Leblanc is hit by John Scott and loses puck.
3:48 of 2nd period - Snap shot by Landon Ferraro.
3:48 of 2nd period - Stopped by Joey MacDonald with a rebound.
4:06 of 2nd period - Backhand shot by Landon Ferraro.
4:06 of 2nd period - Deflect By Sven Baertschi.
4:06 of 2nd period - Shot Misses the Net.
4:06 of 2nd period - Puck is out of play.
4:07 of 2nd period - Landon Ferraro wins face-off versus Bobby Farnham in Barracuda zone.
4:21 of 2nd period - Taylor Chorney and Nicklas Jensen fight to a draw.
4:21 of 2nd period - Penalty to Taylor Chorney for Fighting.
4:21 of 2nd period - Penalty to Nicklas Jensen for Fighting.
4:22 of 2nd period - Vincent Lecavalier wins face-off versus Landon Ferraro in Comets zone.
4:34 of 2nd period - Icing by Tyler Kennedy.
4:35 of 2nd period - Landon Ferraro wins face-off versus Vincent Lecavalier in Comets zone.
5:01 of 2nd period - Icing by Andy Andreoff.
5:02 of 2nd period - Brendan Gaunce wins face-off versus Vincent Lecavalier in Barracuda zone.
5:50 of 2nd period - Minor Penalty to Alexandre Bolduc for Hooking.
5:51 of 2nd period - Vincent Lecavalier wins face-off versus Landon Ferraro in Barracuda zone.
5:51 of 2nd period - Vincent Lecavalier is hit by Landon Ferraro.
6:05 of 2nd period - Penalty to Marek Hrivik is over, Marek Hrivik is back on ice.
6:30 of 2nd period - Snap shot by John Scott.
6:30 of 2nd period - Stopped by Joey MacDonald with a rebound.
6:32 of 2nd period - Snap shot by Tyler Kennedy.
6:32 of 2nd period - Deflect By Jayson Megna.
6:32 of 2nd period - Shot Misses the Net.
6:32 of 2nd period - Puck is out of play.
6:33 of 2nd period - Landon Ferraro wins face-off versus Vincent Lecavalier in Barracuda zone.
7:04 of 2nd period - Snap shot by Tyler Kennedy.
7:04 of 2nd period - Stopped by Joey MacDonald with a rebound.
7:19 of 2nd period - Penalty to Dominik Uher is over, Dominik Uher is back on ice.
7:35 of 2nd period - Wrist shot by Jeremy Welsh.
7:35 of 2nd period - Shot Misses the Net.
7:37 of 2nd period - Snap shot by Ben Hanowski.
7:37 of 2nd period - Goal by Ben Hanowski - Comets : 2 - Barracuda : 0.
7:38 of 2nd period - Brendan Gaunce wins face-off versus Ryan Hamilton in neutral zone.
7:47 of 2nd period - Snap shot by Brendan Gaunce.
7:47 of 2nd period - Stopped by Joey MacDonald with a rebound.
7:50 of 2nd period - Icing by Patrick McNeill.
7:51 of 2nd period - Brendan Gaunce wins face-off versus Ryan Hamilton in Barracuda zone.
7:58 of 2nd period - Snap shot by Brendan Gaunce.
7:58 of 2nd period - Shot Misses the Net.
8:52 of 2nd period - Jared Boll is hit by Louis Leblanc.
9:00 of 2nd period - Jared Boll is hit by Bobby Farnham and loses puck.
9:39 of 2nd period - Snap shot by Alexandre Bolduc.
9:39 of 2nd period - Shot Misses the Net.
9:41 of 2nd period - Snap shot by Ryan Hamilton.
9:41 of 2nd period - Shot Misses the Net.
9:43 of 2nd period - Wrist shot by Ryan Hamilton.
9:43 of 2nd period - Stopped by Mike Condon with a rebound.
9:45 of 2nd period - Wrist shot by Ryan Hamilton.
9:45 of 2nd period - Deflect By Alexandre Bolduc.
9:45 of 2nd period - Shot Misses the Net.
9:45 of 2nd period - Puck is out of play.
9:46 of 2nd period - Ryan Hamilton wins face-off versus Mike Sislo in Comets zone.
9:50 of 2nd period - Minor Penalty to Dylan McIlrath for Roughing.
9:51 of 2nd period - Jeremy Welsh wins face-off versus Vincent Lecavalier in Comets zone.
9:59 of 2nd period - Wrist shot by Andy Andreoff.
9:59 of 2nd period - Shot Misses the Net.
10:29 of 2nd period - Ryan Hamilton is hit by John Scott and loses puck.
10:46 of 2nd period - Snap shot by Sven Baertschi.
10:46 of 2nd period - Stopped by Joey MacDonald with a rebound.
10:48 of 2nd period - Snap shot by Jared Boll.
10:48 of 2nd period - Shot Misses the Net.
10:54 of 2nd period - Wrist shot by Sven Baertschi.
10:54 of 2nd period - Shot Blocked by Ryan Hamilton.
11:50 of 2nd period - Penalty to Dylan McIlrath is over, Dylan McIlrath is back on ice.
12:18 of 2nd period - Icing by Joey Mormina.
12:19 of 2nd period - Landon Ferraro wins face-off versus Bobby Farnham in Barracuda zone.
12:24 of 2nd period - Slapshot by Sven Baertschi.
12:24 of 2nd period - Stopped by Joey MacDonald without a rebound.
12:25 of 2nd period - Bobby Farnham wins face-off versus Landon Ferraro in Barracuda zone.
12:25 of 2nd period - Bobby Farnham is hit by Jared Boll.
12:39 of 2nd period - Joey Mormina is hit by Jared Boll and loses puck.
12:53 of 2nd period - Derek Meech is hit by Joey Mormina and loses puck.
13:02 of 2nd period - Wrist shot by Louis Leblanc.
13:02 of 2nd period - Shot Misses the Net.
13:22 of 2nd period - Snap shot by Alexandre Bolduc.
13:22 of 2nd period - Stopped by Mike Condon without a rebound.
13:23 of 2nd period - Jeremy Welsh wins face-off versus Ryan Hamilton in Comets zone.
14:07 of 2nd period - Maxime Fortunus is hit by John Scott and loses puck.
14:26 of 2nd period - Snap shot by Scott Glennie.
14:26 of 2nd period - Shot Misses the Net.
14:28 of 2nd period - Slapshot by Mark Pysyk.
14:28 of 2nd period - Stopped by Joey MacDonald with a rebound.
14:30 of 2nd period - Snap shot by Jared Boll.
14:30 of 2nd period - Stopped by Joey MacDonald without a rebound.
14:31 of 2nd period - Vincent Lecavalier wins face-off versus Scott Glennie in Barracuda zone.
14:57 of 2nd period - Backhand shot by Alexandre Bolduc.
14:57 of 2nd period - Stopped by Mike Condon without a rebound.
14:58 of 2nd period - Brendan Gaunce wins face-off versus Ryan Hamilton in Comets zone.
15:04 of 2nd period - Dylan McIlrath beats up Marek Hrivik.
15:04 of 2nd period - Penalty to Marek Hrivik for Fighting.
15:04 of 2nd period - Penalty to Dylan McIlrath for Fighting.
15:05 of 2nd period - John Scott wins face-off versus Ryan Hamilton in neutral zone.
15:12 of 2nd period - Wrist shot by Mark Pysyk.
15:12 of 2nd period - Deflect By John Scott.
15:12 of 2nd period - Shot Hit the Post.
15:12 of 2nd period - Puck is out of play.
15:13 of 2nd period - Brendan Gaunce wins face-off versus Ryan Hamilton in Barracuda zone.
15:42 of 2nd period - Slapshot by Alexandre Bolduc.
15:42 of 2nd period - Stopped by Mike Condon with a rebound.
15:44 of 2nd period - Slapshot by Danny Syvret.
15:44 of 2nd period - Stopped by Mike Condon with a rebound.
15:52 of 2nd period - Minor Penalty to John Scott for Cross-checking.
15:53 of 2nd period - Jeremy Welsh wins face-off versus Vincent Lecavalier in Comets zone.
15:56 of 2nd period - Wrist shot by Andy Andreoff.
15:56 of 2nd period - Shot Misses the Net.
15:58 of 2nd period - Snap shot by Andy Andreoff.
15:58 of 2nd period - Shot Misses the Net.
16:20 of 2nd period - Wrist shot by Andy Andreoff.
16:20 of 2nd period - Shot Misses the Net.
16:54 of 2nd period - Snap shot by Alexandre Bolduc.
16:54 of 2nd period - Shot Misses the Net.
17:08 of 2nd period - Jared Boll is hit by Maxime Fortunus and loses puck.
17:52 of 2nd period - Penalty to John Scott is over, John Scott is back on ice.
17:52 of 2nd period - Wrist shot by Alexandre Bolduc.
17:52 of 2nd period - Deflect By Ryan Hamilton.
17:52 of 2nd period - Goal by Ryan Hamilton - Comets : 2 - Barracuda : 1.
17:53 of 2nd period - Bobby Farnham wins face-off versus Sven Baertschi in neutral zone.
19:09 of 2nd period - Andrew Ference is hit by Ryan Hamilton and loses puck.
19:35 of 2nd period - Snap shot by Jared Boll.
19:35 of 2nd period - Stopped by Joey MacDonald with a rebound.
19:37 of 2nd period - Snap shot by Jared Boll.
19:37 of 2nd period - Stopped by Joey MacDonald with a rebound.
19:39 of 2nd period - Wrist shot by Jared Boll.
19:39 of 2nd period - Stopped by Joey MacDonald with a rebound.
19:49 of 2nd period - Ryan Hamilton is hit by Mat Clark and loses puck.
Goals for this period are 1 for Comets vs 1 for Barracuda.
Shots for this period are 12 for Comets vs 7 for Barracuda.

3rd period


0:01 of 3rd period - Vincent Lecavalier wins face-off versus Jeremy Welsh in neutral zone.
0:04 of 3rd period - Andrew Ference is hit by Andy Andreoff and loses puck.
0:19 of 3rd period - Snap shot by Vincent Lecavalier.
0:19 of 3rd period - Shot Blocked by Andrew Ference.
0:21 of 3rd period - Slapshot by Joey Mormina.
0:21 of 3rd period - Stopped by Mike Condon with a rebound.
0:23 of 3rd period - Wrist shot by Joey Mormina.
0:23 of 3rd period - Stopped by Mike Condon with a rebound.
0:25 of 3rd period - Slapshot by Joey Mormina.
0:25 of 3rd period - Shot Misses the Net.
0:27 of 3rd period - Slapshot by Andy Andreoff.
0:27 of 3rd period - Shot Hit the Post.
0:50 of 3rd period - Icing by Ryan Hamilton.
0:51 of 3rd period - Ryan Hamilton wins face-off versus Landon Ferraro in Barracuda zone.
1:47 of 3rd period - Wrist shot by Nicklas Jensen.
1:47 of 3rd period - Stopped by Joey MacDonald with a rebound.
1:49 of 3rd period - Slapshot by Mat Clark.
1:49 of 3rd period - Deflect By Maxime Fortunus.
1:49 of 3rd period - Stopped by Joey MacDonald with a rebound.
1:51 of 3rd period - Slapshot by Dylan McIlrath.
1:51 of 3rd period - Stopped by Joey MacDonald without a rebound.
1:52 of 3rd period - Vincent Lecavalier wins face-off versus Brendan Gaunce in Barracuda zone.
2:03 of 3rd period - Wrist shot by Brendan Gaunce.
2:03 of 3rd period - Shot Misses the Net.
2:11 of 3rd period - Brendan Gaunce is hit by Mark Fistric.
2:33 of 3rd period - Dominik Uher beats up Dylan McIlrath.
2:33 of 3rd period - Penalty to Dominik Uher for Fighting.
2:33 of 3rd period - Penalty to Dylan McIlrath for Fighting.
2:34 of 3rd period - Jeremy Welsh wins face-off versus Ryan Hamilton in neutral zone.
2:48 of 3rd period - Minor Penalty to Mark Pysyk for Holding Stick.
2:49 of 3rd period - Jeremy Welsh wins face-off versus Vincent Lecavalier in Comets zone.
3:02 of 3rd period - Snap shot by Jeremy Welsh.
3:02 of 3rd period - Shot Misses the Net.
3:08 of 3rd period - Slapshot by Andrew Ference.
3:08 of 3rd period - Deflect By Jeremy Welsh.
3:08 of 3rd period - Stopped by Joey MacDonald with a rebound.
3:26 of 3rd period - Wrist shot by Jeremy Welsh.
3:26 of 3rd period - Shot Misses the Net.
3:44 of 3rd period - Mike Sislo is hit by Marek Hrivik.
4:36 of 3rd period - Mat Clark is hit by Jayson Megna and loses puck.
4:48 of 3rd period - Penalty to Mark Pysyk is over, Mark Pysyk is back on ice.
5:15 of 3rd period - Mat Clark is hit by Danny Syvret and loses puck.
5:34 of 3rd period - Snap shot by Vincent Lecavalier.
5:34 of 3rd period - Shot Misses the Net.
5:36 of 3rd period - Wrist shot by Louis Leblanc.
5:36 of 3rd period - Stopped by Mike Condon with a rebound.
6:05 of 3rd period - Slapshot by Jeremy Welsh.
6:05 of 3rd period - Stopped by Joey MacDonald with a rebound.
6:07 of 3rd period - Snap shot by Mike Sislo.
6:07 of 3rd period - Shot Misses the Net.
6:09 of 3rd period - Snap shot by Jeremy Welsh.
6:09 of 3rd period - Stopped by Joey MacDonald with a rebound.
7:11 of 3rd period - Mat Clark is hit by Jayson Megna and loses puck.
7:26 of 3rd period - Eric Selleck is hit by Mat Clark and loses puck.
7:39 of 3rd period - Snap shot by Ryan Hamilton.
7:39 of 3rd period - Stopped by Mike Condon without a rebound.
7:40 of 3rd period - Ryan Hamilton wins face-off versus Jeremy Welsh in Comets zone.
8:19 of 3rd period - Wrist shot by Vincent Lecavalier.
8:19 of 3rd period - Shot Hit the Post.
8:31 of 3rd period - Brendan Gaunce is hit by Marek Hrivik and loses puck.
9:17 of 3rd period - Slapshot by Jared Boll.
9:17 of 3rd period - Shot Misses the Net.
9:19 of 3rd period - Wrist shot by Landon Ferraro.
9:19 of 3rd period - Shot Misses the Net.
9:21 of 3rd period - Snap shot by Keith Ballard.
9:21 of 3rd period - Deflect By Jared Boll.
9:21 of 3rd period - Shot Blocked by Taylor Chorney.
9:21 of 3rd period - Puck is out of play.
9:22 of 3rd period - Vincent Lecavalier wins face-off versus Landon Ferraro in Barracuda zone.
9:40 of 3rd period - Dylan McIlrath is hit by Jayson Megna and loses puck.
9:51 of 3rd period - Backhand shot by Alexandre Bolduc.
9:51 of 3rd period - Shot Misses the Net.
9:53 of 3rd period - Wrist shot by Marek Hrivik.
9:53 of 3rd period - Shot Misses the Net.
10:19 of 3rd period - Dylan McIlrath is hit by Alexandre Bolduc and loses puck.
10:20 of 3rd period - Dylan McIlrath from Comets is injured at 10:20 of 3rd period (Bruised Left Leg).
10:21 of 3rd period - Tyler Kennedy wins face-off versus Jayson Megna in Comets zone.
10:37 of 3rd period - Off-side.
10:38 of 3rd period - Jeremy Welsh wins face-off versus Jayson Megna in neutral zone.
11:28 of 3rd period - Slapshot by Sven Baertschi.
11:28 of 3rd period - Shot Blocked by Dominik Uher.
11:29 of 3rd period - Joey Mormina and Jared Boll fight to a draw.
11:29 of 3rd period - Penalty to Joey Mormina for Fighting.
11:29 of 3rd period - Penalty to Jared Boll for Fighting.
11:29 of 3rd period - Penalty to Joey Mormina for instigated a fight.
11:29 of 3rd period - Penalty to Joey Mormina for instigated a fight.
11:30 of 3rd period - Landon Ferraro wins face-off versus Vincent Lecavalier in Barracuda zone.
11:36 of 3rd period - Minor Penalty to Jayson Megna for Roughing.
11:37 of 3rd period - Jeremy Welsh wins face-off versus Vincent Lecavalier in Barracuda zone.
11:37 of 3rd period - Wrist shot by Tyler Kennedy.
11:37 of 3rd period - Shot Misses the Net.
11:53 of 3rd period - Snap shot by Tyler Kennedy.
11:53 of 3rd period - Goal by Tyler Kennedy - Comets : 3 - Barracuda : 1.
11:54 of 3rd period - Vincent Lecavalier wins face-off versus Jeremy Welsh in neutral zone.
12:08 of 3rd period - Snap shot by Tyler Kennedy.
12:08 of 3rd period - Stopped by Joey MacDonald without a rebound.
12:09 of 3rd period - Jeremy Welsh wins face-off versus Vincent Lecavalier in Barracuda zone.
12:52 of 3rd period - Slapshot by Andrew Ference.
12:52 of 3rd period - Stopped by Joey MacDonald with a rebound.
12:54 of 3rd period - Slapshot by Sven Baertschi.
12:54 of 3rd period - Shot Misses the Net.
13:04 of 3rd period - Maxime Fortunus is hit by Sven Baertschi and loses puck.
13:17 of 3rd period - Snap shot by Sven Baertschi.
13:17 of 3rd period - Deflect By Landon Ferraro.
13:17 of 3rd period - Shot Misses the Net.
13:17 of 3rd period - Puck is out of play.
13:18 of 3rd period - Vincent Lecavalier wins face-off versus Jeremy Welsh in Barracuda zone.
13:29 of 3rd period - Mark Fistric is hit by John Scott and loses puck.
13:36 of 3rd period - Penalty to Jayson Megna is over, Jayson Megna is back on ice.
15:35 of 3rd period - Icing by Mat Clark.
15:36 of 3rd period - Mike Sislo wins face-off versus Bobby Farnham in Comets zone.
15:41 of 3rd period - Maxime Fortunus is hit by Mat Clark and loses puck.
15:56 of 3rd period - Maxime Fortunus is hit by Andrew Ference and loses puck.
16:28 of 3rd period - John Scott is hit by Marek Hrivik and loses puck.
16:50 of 3rd period - Off-side.
16:51 of 3rd period - Landon Ferraro wins face-off versus Bobby Farnham in neutral zone.
17:36 of 3rd period - Patrick McNeill is hit by John Scott and loses puck.
17:50 of 3rd period - Vincent Lecavalier is hit by Brendan Gaunce and loses puck.
18:38 of 3rd period - Snap shot by Alexandre Bolduc.
18:38 of 3rd period - Shot Misses the Net.
18:54 of 3rd period - Slapshot by Louis Leblanc.
18:54 of 3rd period - Shot Misses the Net.
18:58 of 3rd period - Snap shot by Bobby Farnham.
18:58 of 3rd period - Shot Misses the Net.
19:47 of 3rd period - Snap shot by Scott Glennie.
19:47 of 3rd period - Shot Blocked by Patrick McNeill.
Goals for this period are 1 for Comets vs 0 for Barracuda.
Shots for this period are 9 for Comets vs 4 for Barracuda.